 Dungeon Crawl Stone Soup version 0.30-a0-776-g08fbeb92c1 (webtiles) character file.

Game seed: 15957694514049938877

35 M4edhros the Charlatan (level 3, -10/34 HPs)
             Began as an Octopode Artificer on Feb 13, 2023.
             Was a Follower of Trog.
             Mangled by Jessica
             ... wielding a +11 club
              (12 damage)
             ... on level 2 of the Dungeon.
             The game lasted 00:01:08 (678 turns).

M4edhros the Charlatan (Octopode Artificer)          Turns: 678, Time: 00:01:09

Health: -10/34     AC:  1    Str: 11    XL:     3   Next: 35%
Magic:  3/3        EV: 13    Int: 13    God:    Trog [*.....]
Gold:   79         SH:  0    Dex: 14    Spells: 2/2 levels left

rFire   . . .      SeeInvis .    (no weapon)
rCold   . . .      Faith    .    (no shield)
rNeg    . . .      Spirit   .    (helmet restricted)
rPois   .          Reflect  .    (no amulet)
rElec   .          Harm     .    (no ring)
rCorr   .          Rampage  .    (no ring)
Will    .....                    (no ring) Stlth
                                 (no ring)
HPRegen 0.25/turn                (no ring)
MPRegen 0.08/turn                (no ring)
                                 (no ring)
                                 (no ring)

@: berserking, very quick
A: almost no armour, amphibious, 8 rings, camouflage 1, gelatinous body 1,
(nimble swimmer 1), tentacles
a: Renounce Religion, Berserk


You were on level 2 of the Dungeon.
You worshipped Trog.
Trog was aware of your devotion.
You visited 1 branch of the dungeon, and saw 2 of its levels.

You collected 79 gold pieces.

Inventory:

Wands
 b - a wand of flame (14) (quivered)
 c - a wand of charming (14)
 d - a wand of iceblast (5)
Scrolls
 a - a scroll of enchant weapon {unknown}
 e - a scroll of vulnerability {unknown}
 f - 2 scrolls of identify {unknown}
 h - a scroll of magic mapping {unknown}
 j - a scroll of silence {unknown}
Potions
 g - 4 potions of haste {unknown}
 i - 2 potions of magic {unknown}


   Skills:
 - Level 1.0 Fighting
 - Level 2.3 Dodging
 - Level 1.3 Stealth
 + Level 4.8 Evocations


You had 2 spell levels left.
You didn't know any spells.
Your spell library was empty.

Dungeon Overview and Level Annotations

Branches:
Dungeon (2/15)

Altars:
Trog

Annotations:
D:2 Jessica


Innate Abilities, Weirdness & Mutations

You cannot wear most types of armour.
You are amphibious.
You can wear up to eight rings at the same time.
Your skin changes colour to match your surroundings (Stealth+).
Your rubbery body absorbs attacks. (AC +1, EV +1)
((You are camouflaged when in or above water. (Stealth+)))
You have tentacles for arms and can constrict up to eight enemies at once.


Message History

You see here a bat corpse.
You enter the shallow water.
Jessica the Apprentice Sorceress comes into view.
She is wielding a +11 club.
Jessica is nearby!
Jessica is nearby!
Jessica shouts!
Jessica mumbles some strange words.
Jessica blinks!
Jessica points at you and mumbles some strange words.
You resist with some effort.
Jessica mumbles something strange.
Jessica hits you with a +11 club!
You tentacle-slap Jessica. Your grab misses Jessica.
Jessica is lightly wounded.
Jessica gestures wildly.
Jessica gestures wildly while chanting.
Jessica seems to speed up.
You barely miss Jessica. Your grab misses Jessica.
Jessica is lightly wounded.
Jessica hits you with a +11 club.
You are too injured to fight recklessly!
You are too injured to fight recklessly!
You are too injured to fight recklessly!
You are too injured to fight recklessly!
A red film seems to cover your vision as you go berserk!
You feel yourself moving faster!
You feel mighty!
Jessica points at you and mumbles some strange words.
Pain shoots through your body!
* * * LOW HITPOINT WARNING * * *
Jessica hits you with a +11 club!
* * * LOW HITPOINT WARNING * * *
You are too injured to fight recklessly!
You are too injured to fight recklessly!
You closely miss Jessica. You grab Jessica.
Jessica is lightly wounded.
You constrict Jessica.
You tentacle-slap Jessica but do no damage.
Jessica is moderately wounded.
You constrict Jessica. Jessica hits you with a +11 club!
You die...

###<.....♣~ #.#
#...#♣♣♣♣♣~
#.######.###♣P~.♣~
.............~~~~~
#.######.##.♣♣♣♣♣~
#.# #.##.♣♣♣ ♣♣
#######.# #.##...♣
♣~ ........###
#.####.# ♣♣
......@@..####.#
#.# ♣
#########......#
#.##♣♣ ########
#..... ######


You could see Jessica (fast).

Vanquished Creatures
  A gnoll (D:1)
  A dart slug (D:1)
  5 bats
  2 endoplasms (D:1)
  2 goblins (D:1)
  2 kobolds (D:1)
  2 quokkas (D:1)
  A frilled lizard (D:1)
  4 rats (D:1)
20 creatures vanquished.

Vanquished Creatures (collateral kills)
  A bat (D:1)
  A frilled lizard (D:1)
2 creatures vanquished.

Grand Total: 22 creatures vanquished

Notes
Turn   | Place    | Note
-------+----------+-------------------------------------------
     0 | D:1      | M4edhros the Octopode Artificer began the quest for the
                  | Orb.
     0 | D:1      | Reached XP level 1. HP: 13/13 MP: 1/1
   135 | D:1      | Reached XP level 2. HP: 18/18 MP: 2/2
   150 | D:1      | Reached skill level 4 in Evocations
   406 | D:1      | Reached XP level 3. HP: 23/23 MP: 3/3
   433 | D:1      | Found a faded altar of an unknown god.
   441 | D:1      | Prayed at the altar of an unknown god.
   441 | D:1      | Became a worshipper of Trog the Wrathful
   441 | D:1      | Reached * piety under Trog
   666 | D:2      | Noticed Jessica
   678 | D:2      | Mangled by Jessica

Illustrated notes

Levels and vault maps discovered:
D:1:      dpeg_arrival_rhombus, layout_basic,
          dreamdust_ecumenical_altar_sealed_demon, minmay_close_crescents
D:2:      layout_loops_ring, basic_altar, serial_shops, shop, serial_bayou,
          serial_bayou_pond_e, serial_bayou_crossing, serial_bayou_lake_a,
          serial_bayou_shore_a, uniq_jessica

Skill      XL: |  1  2 |
---------------+-------+-----
Evocations     | 4 |  4.8
Fighting       | |  1.0
Dodging        | |  2.3
Stealth        | |  1.3

Action                     || total
---------------------------++-------
  Melee: Unarmed           ||    59
         Constrict         ||    12
         Tentacles         ||    11
 Invoke: Berserk           ||     1
  Evoke: Wand              ||     2
   Stab: Sleeping          ||     3
 Armour: Skin              ||     4
  Dodge: Dodged            ||    38

Table legend: (Time is in decaauts)
 A = Elapsed time spent in this place.
 B = Non-inter-level travel time spent in this place.
 C = Inter-level travel time spent in this place.
 D = Time resting spent in this place.
 E = Time spent auto-exploring this place.
 F = Levels seen in this place.
 G = Mean time per level.
                   A        B        C        D        E       F      G
               +--------+--------+--------+--------+--------+-----+--------+
         Total |    677 |    677 |      0 |      0 |    451 |   2 |  338.5 |
       Dungeon |    677 |    677 |      0 |      0 |    451 |   2 |  338.5 |
               +--------+--------+--------+--------+--------+-----+--------+

Top non-repeatable levels by time:
     D:1: 620 daAuts
     D:2: 57 daAuts
